 Dungeon Crawl Stone Soup version 0.21.0 (webtiles) character file.

2420 NixNut the Cleaver (level 9, -3/82 HPs)
             Began as a Deep Dwarf Fighter on Jan 8, 2018.
             Was a Believer of Makhleb.
             Slain by an ogre
             ... wielding a +0 giant club
              (20 damage)
             ... on level 7 of the Dungeon.
             The game lasted 00:17:17 (4706 turns).

NixNut the Cleaver (Deep Dwarf Fighter)             Turns: 4706, Time: 00:17:18

Health: -3/82      AC:  9    Str: 24    XL:     9   Next: 24%
Magic:  17/17      EV:  9    Int:  8    God:    Makhleb [**....]
Gold:   275        SH: 11    Dex: 12    Spells: 8/8 levels left

rFire    . . .     SeeInvis .   a - +1 war axe
rCold    . . .     Gourm    .   c - +0 shield
rNeg     . . .     Faith    .   C - +3 leather armour {MR+}
rPois    .         Spirit   .   u - +0 helmet
rElec    .         Reflect  .   (no cloak)
rCorr    .         Harm     .   (no gloves)
MR       ++...                  r - +0 pair of boots (curse)
Stlth    +.........             (no amulet)
HPRegen  0.00/turn              t - ring of magical power
MPRegen  0.15/turn              (no ring)

@: non-regenerating
A: damage resistance, heal wounds, sense surroundings 2, no regeneration
a: Heal Wounds, Minor Destruction, Renounce Religion


You were on level 7 of the Dungeon.
You worshipped Makhleb.
Makhleb was pleased with you.
You were not hungry.

You visited 2 branches of the dungeon, and saw 8 of its levels.

You collected 275 gold pieces.

Inventory:

Hand Weapons
 a - a +1 war axe (weapon)
Armour
 b - a +0 scale mail
 c - a +0 shield (worn)
 r - a cursed +0 pair of boots (worn)
 u - a +0 helmet (worn)
 C - a +3 leather armour of magic resistance (worn)
Jewellery
 t - a ring of magical power (left hand)
 E - an uncursed amulet of harm {unknown}
Wands
 d - a wand of random effects (19)
 s - a wand of paralysis (13)
 y - a wand of enslavement (9)
Scrolls
 h - 2 scrolls of fog
 i - 4 scrolls of enchant weapon
 k - 4 scrolls of teleportation
 m - a scroll of magic mapping
 q - a scroll of amnesia {unknown}
 w - 3 scrolls of remove curse {unknown}
 x - a scroll of enchant armour {unknown}
 A - 2 scrolls of blinking {unknown}
 B - 5 scrolls of identify
Potions
 e - 2 potions of haste
 g - 2 potions of ambrosia
 j - a potion of cancellation
 l - 2 potions of brilliance
 n - a potion of berserk rage {unknown}
 o - a potion of mutation {unknown}
 v - 4 potions of curing
 z - a potion of heal wounds {unknown}
 D - 2 potions of flight {unknown}
Comestibles
 f - 7 rations
 p - 9 chunks of flesh


   Skills:
 + Level 6.1 Fighting
 * Level 9.5 Axes
 - Level 4.9 Armour
 + Level 7.3 Shields
 + Level 0.0 Invocations


You had 8 spell levels left.
You didn't know any spells.

Dungeon Overview and Level Annotations

Branches:
Dungeon (7/15)             Temple (1/1) D:4

Altars:
Ashenzari
Cheibriados
Dithmenos
Elyvilon
Fedhas
Gozag
Hepliaklqana
Kikubaaqudgha
Makhleb
Nemelex Xobeh
Okawaru
Qazlal
Ru
Sif Muna
Trog
Uskayaw
Vehumet
Wu Jian
Xom
Zin
The Shining One

Shops:
D:5 (

Annotations:
D:5 exclusion: upstairs


Innate Abilities, Weirdness & Mutations

You are resistant to damage.
You can heal yourself by infusing magical energy.
You passively map the area around you.
You do not regenerate.


Message History

The ogre shouts!
A leopard gecko comes into view.
Okay, then.
The leopard gecko hisses angrily.
The leopard gecko closely misses you.
Your shield prevents you from hitting the ogre.
You hit the leopard gecko.
You kill the leopard gecko!
Makhleb accepts your kill. The ogre hits you with a giant club.
You are too injured to fight recklessly!
You are too injured to fight recklessly!
You are too injured to fight recklessly!
You are too injured to fight recklessly!
You are too injured to fight recklessly!
You barely miss the ogre. The ogre hits you with a giant club!!
* * * LOW HITPOINT WARNING * * *
Your shield prevents you from hitting the ogre.
The ogre hits you with a giant club!!
You die...

, * * , ######
*####..######., , ,
#....# *............,
#....###..# ..#....#
, * #........###.
#....# , #.......#
#.. #....# *
..###...# #.#
#....#*, ###
##..###.# #O†..# , #
#....#.# #.@..# * *
######..#...####.###
*
##........#..###.###
,
...................#
,, * ,
...........####.##..#
, * .............##.#
#.... *
##.........#....#
####. ,
#.(.......>...)# * *
, , .................
, ,


You could see an ogre.

Vanquished Creatures
  Menkaure (D:6)
  Duvessa (D:6)
  A black bear (D:7)
  An ice beast (D:6)
  2 centaurs
  4 ogres
  3 bullfrogs
  Dowan (D:6)
  A scorpion (D:5)
  3 wights (D:6)
  A howler monkey (D:6)
  5 crimson imps
  A bullfrog zombie (D:5)
  3 centaur skeletons
  3 hounds
  4 orc priests
  A bullfrog skeleton (D:7)
  3 orc wizards (D:4)
  Ijyb (D:3)
  Terence (D:2)
  2 iguanas
  3 worker ants
  2 hound skeletons
  A worker ant zombie (D:6)
  9 adders
  2 shadow imps (D:7)
  An ooze (D:1)
  An adder zombie (D:6)
  2 worms
  A dart slug (D:1)
  8 leopard geckos
  19 orcs
  3 ball pythons
  12 giant cockroaches
  9 goblins
  9 hobgoblins
  A jackal (D:6)
  A quokka (D:2)
  11 bats
  5 frilled lizards
  8 kobolds
  A leopard gecko skeleton (D:4)
  8 rats
160 creatures vanquished.

Notes
Turn   | Place    | Note
-------+----------+-------------------------------------------
     0 | D:1      | NixNut the Deep Dwarf Fighter began the quest for the Orb.
     0 | D:1      | Reached XP level 1. HP: 20/20 MP: 1/1
    82 | D:1      | Reached XP level 2. HP: 27/27 MP: 2/2
   260 | D:1      | Reached skill level 3 in Axes
   912 | D:2      | Reached XP level 3. HP: 26/34 MP: 3/3
   917 | D:2      | Noticed Terence
   926 | D:2      | Killed Terence
   926 | D:2      | Reached XP level 4. HP: 29/42 MP: 4/4
  1133 | D:2      | Reached skill level 4 in Axes
  1417 | D:3      | Reached XP level 5. HP: 46/49 MP: 5/5
  1436 | D:3      | Noticed an ogre
  1471 | D:3      | Noticed Ijyb
  1479 | D:3      | Killed Ijyb
  1905 | D:4      | Reached skill level 5 in Axes
  1934 | D:4      | Found a shimmering altar of Xom.
  1947 | D:4      | Reached XP level 6. HP: 29/57 MP: 6/6
  1956 | D:4      | Found a staircase to the Ecumenical Temple.
  1960 | Temple   | Entered the Ecumenical Temple
  2042 | Temple   | Became a worshipper of Makhleb the Destroyer
  2182 | D:4      | Reached skill level 5 in Shields
  2183 | D:4      | Reached skill level 6 in Axes
  2269 | D:4      | Reached XP level 7. HP: 20/66 MP: 7/7
  2732 | D:3      | Reached * piety under Makhleb
  2734 | D:3      | Found a glowing silver altar of Zin.
  2734 | D:3      | Found a hide-covered altar of Uskayaw.
  2752 | D:3      | Found a deep blue altar of Sif Muna.
  2756 | D:3      | Found an iron altar of Okawaru.
  2922 | D:5      | Entered Level 5 of the Dungeon
  3087 | D:5      | Found Wost's Antique Weapon Boutique.
  3110 | D:5      | Found a radiant altar of Vehumet.
  3115 | D:5      | Reached skill level 7 in Axes
  3491 | D:5      | Reached skill level 5 in Fighting
  3527 | D:5      | Reached XP level 8. HP: 29/74 MP: 7/7
  3810 | D:6      | Reached skill level 8 in Axes
  4228 | D:6      | Noticed Dowan
  4229 | D:6      | Noticed Duvessa
  4239 | D:6      | Killed Duvessa
  4251 | D:6      | Killed Dowan
  4251 | D:6      | Reached skill level 9 in Axes
  4301 | D:6      | Noticed Menkaure
  4324 | D:6      | Killed Menkaure
  4324 | D:6      | Gained mutation: You passively map the area around you. [Deep Dwarf growth]
  4324 | D:6      | Reached XP level 9. HP: 61/82 MP: 8/8
  4515 | D:6      | Found a shattered altar of Ashenzari.
  4681 | D:7      | Reached ** piety under Makhleb
  4706 | D:7      | Slain by an ogre

Skill      XL: |  1  2  3  4  5  6  7  8  9 |
---------------+----------------------------+-----
Axes           | 3 4 5 6 7 9 |  9.5
Fighting       | 3 4 5 6 |  6.1
Shields        | 4 5 6 7 |  7.3
Armour         | 4 |  4.9

Action                   |  1- 3 |  4- 6 |  7- 9 || total
-------------------------+-------+-------+-------++-------
Melee: War axe           |    69 |   233 |   256 ||   558
 Abil: Heal Wounds       |       |     1 |     5 ||     6
  Use: Scroll            |       |     2 |     6 ||     8
       Potion            |       |       |     3 ||     3
  Eat: Chunk             |       |     5 |     8 ||    13
Armor: Scale mail        |    35 |    89 |    71 ||   195
       Leather armour    |       |       |    12 ||    12
Dodge: Dodged            |    25 |    66 |    60 ||   151
Block: Shield            |    41 |   136 |   131 ||   308
